Golden Knights vs Penguins

Created - 11 février 2021 at 16:34

Goals
1 2 3 T
Golden Knights 1 1 1 3
Penguins 1 1 0 2
Shots
1 2 3 T
Golden Knights 14 6 13 33
Penguins 13 19 9 41

1st period

1. Golden Knights , Brock Boeser 17 (Blake Coleman 16) at 8:21
2. Penguins , Auston Matthews 19 (Tomas Tatar 21, Charlie Coyle 6) at 13:38

Penalties :
Tomas Tatar (PIT) for Interference (Minor) at 10:07, Charlie Coyle (PIT) for Cross-checking (Minor) at 16:32

2nd period

3. Penguins , Mikael Granlund 12 (Patric Hornqvist 12, Joel Armia 13) at 7:13
4. Golden Knights , Derek Stepan 12 (Phil Kessel 21, Ondrej Palat 13) at 18:35

Penalties :
No Penalty

3rd period

5. Golden Knights , Drake Caggiula 6 (Austin Watson 4, Nic Dowd 9) at 0:58

Penalties :
Brent Burns (PIT) for Roughing (Minor) at 2:05

Goalie Stats

Connor Hellebuyck (VGK), 39 saves from 41 shots - (0,951), W, 21-10-0, 60:00 minutes
Jack Campbell (PIT), 30 saves from 33 shots - (0,909), L, 7-4-0, 59:06 minutes

Players Stats for Golden Knights

Player Name              G  A  P  +/- PIM S  H  SB GA TA FO     MP     PP MP  PK MP  
------------------------------------------------------------------------------------
Adam Boqvist             0  0  0   0  0   0  0  0  0  0  0/0     1:51   0:00   0:00 
Austin Watson            0  1  1   1  0   3  0  0  0  0  0/0    12:51   0:07   0:00 
Blake Coleman            0  1  1  -1  0   0  2  2  0  0  0/2    22:19   2:47   0:00 
Brock Boeser             1  0  1  -1  0   4  3  1  0  0  1/2    21:10   2:47   0:00 
Byron Froese             0  0  0   0  0   0  0  0  0  1  0/2     4:28   0:00   0:00 
Daniel O'Regan           0  0  0   0  0   1  1  0  0  0  0/0     4:28   0:00   0:00 
Derek Stepan             1  0  1   1  0   1  1  0  0  0  9/23   21:23   2:47   0:00 
Drake Caggiula           1  0  1   1  0   3  4  1  4  1  0/1    16:04   0:00   0:00 
Dustin Byfuglien         0  0  0  -1  0   0  4  2  0  1  0/0    23:13   3:44   0:00 
Evgeni Malkin            0  0  0  -1  0   5  1  0  0  1  13/24  22:46   3:10   0:00 
Gustav Lindstrom         0  0  0   3  0   1  2  2  0  1  0/0    17:40   0:00   0:00 
Korbinian Holzer         0  0  0  -1  0   0  1  0  0  2  0/0    16:03   0:00   0:00 
Kris Russell             0  0  0  -1  0   0  1  2  0  0  0/0    19:06   2:16   0:00 
Lance Bouma              0  0  0   0  0   0  0  0  0  0  0/0     0:00   0:00   0:00 
Nic Dowd                 0  1  1   1  0   1  2  0  0  1  5/11   12:51   0:00   0:00 
Ondrej Palat             0  1  1   1  0   4  2  1  0  0  0/2    20:22   3:03   0:00 
P.K. Subban              0  0  0   3  0   1  3  1  1  1  0/0    19:45   2:16   0:00 
Phil Kessel              0  1  1   1  0   6  1  1  1  0  0/1    20:26   3:07   0:00 
Ryan Pulock              0  0  0  -1  0   3  0  2  1  1  0/0    23:14   3:41   0:00 

Players Stats for Penguins

Player Name              G  A  P  +/- PIM S  H  SB GA TA FO     MP     PP MP  PK MP  
------------------------------------------------------------------------------------
Auston Matthews          1  0  1   0  0   7  2  0  2  1  19/30  22:43   0:00   2:58 
Brent Burns              0  0  0   0  2   1  2  2  0  0  0/0    22:37   0:00   0:00 
Brian Boyle              0  0  0  -2  0   2  1  1  1  0  3/9    11:01   0:00   0:00 
Cale Makar               0  0  0   0  0   1  2  0  2  0  0/0    13:11   0:00   0:00 
Charlie Coyle            0  1  1   0  2   1  0  1  0  0  3/3    18:33   0:00   0:00 
Dmitry Orlov             0  0  0  -1  0   0  1  0  0  2  0/0    21:01   0:00   2:49 
Jacob Larsson            0  0  0   0  0   0  1  0  0  0  0/0     5:09   0:00   3:08 
Jesperi Kotkaniemi       0  0  0  -2  0   1  1  0  0  1  0/0    11:02   0:00   0:00 
Joel Armia               0  1  1   1  0   5  4  1  1  0  0/1    18:12   0:00   1:56 
Markus Granlund          0  0  0   0  0   0  0  0  0  0  0/0     6:58   0:00   0:00 
Michael Grabner          0  0  0  -2  0   2  0  1  0  1  0/0    13:50   0:00   2:48 
Mikael Granlund          1  0  1   1  0   5  1  0  0  0  12/21  17:18   0:00   1:00 
Miro Heiskanen           0  0  0  -1  0   2  2  1  0  0  0/0    21:01   0:00   2:49 
Patric Hornqvist         0  1  1   1  0   0  1  1  1  0  0/0    17:28   0:00   0:00 
Reid Boucher             0  0  0   0  0   1  2  0  0  0  1/1     7:22   0:00   0:00 
Sam Bennett              0  0  0   0  0   2  1  0  2  0  1/1     8:16   0:00   1:16 
Tim Schaller             0  0  0   0  0   3  2  1  0  0  0/0    14:14   0:00   1:56 
Tomas Tatar              0  1  1   0  2   7  1  0  1  1  1/2    19:45   0:00   0:00 
Tyler Myers              0  0  0   0  0   1  2  0  0  1  0/0    24:19   0:00   3:08 

3 Stars

1 - Connor Hellebuyck (VGK)
2 - Drake Caggiula (VGK)
3 - Derek Stepan (VGK)

Power Play

Golden Knights - 0 on 3 Attempt(s) - 0,00%
Penguins - 0 on 0 Attempt(s) - 0,00%

Penalty Kill

Golden Knights - 0 on 0 Attempt(s) - 0,00% - Score 0 goal in Penalty Kill
Penguins - 3 on 3 Attempt(s) - 100,00% - Score 0 goal in Penalty Kill

Team Stat

Golden Knights - Hits : 28 - Faceoff Wins : 28 - Blocked Shots : 15 - Penalty Minutes : 0
Penguins - Hits : 26 - Faceoff Wins : 40 - Blocked Shots : 9 - Penalty Minutes : 6

Official

Referees : Jon McIsaac and Graham Skilliter
Linesman : Robb Harrell and Matt Brady

Game Notes

No Game Note

Finance

Level 1 -- Attendance: 6000 (100,00%) -- Ticket Income 510 000 $
Level 2 -- Attendance: 5000 (100,00%) -- Ticket Income 300 000 $
Level 3 -- Attendance: 2000 (100,00%) -- Ticket Income 70 000 $
Level 4 -- Attendance: 3837 (95,93%) -- Ticket Income 76 740 $
Luxury Box -- Attendance: 955 (95,50%) -- Ticket Income 171 900 $
Game was played at the Consol Energy Center.
Total Attendance: 17792 (98,84%)
Total Ticket Income: 1 128 640 $
Other Income: 553 034 $
Total Income: 1 681 674 $

Golden Knights

5 vs 5 Forward 
   Center                   Left Wing                Right Wing               Time % Phy DF OF 
 1 Evgeni Malkin            Blake Coleman            Brock Boeser             37     0   1  4  
 2 Derek Stepan             Ondrej Palat             Phil Kessel              36     0   2  3  
 3 Nic Dowd                 Drake Caggiula           Austin Watson            26     0   3  2  
 4 Byron Froese             Drake Caggiula           Daniel O'Regan           1      0   4  1  

5 vs 5 Defense 
   Defense                  Defense                                           Time % Phy DF OF 
 1 Ryan Pulock              Dustin Byfuglien                                  36     0   1  4  
 2 Kris Russell             Korbinian Holzer                                  34     0   2  3  
 3 Gustav Lindstrom         P.K. Subban                                       30     0   3  2  
 4 Gustav Lindstrom         Adam Boqvist                                      0      0   4  1  

PowerPlay Forward 
   Center                   Left Wing                Right Wing               Time % Phy DF OF 
 1 Evgeni Malkin            Ondrej Palat             Phil Kessel              55     0   1  4  
 2 Derek Stepan             Blake Coleman            Brock Boeser             45     0   1  4  

PowerPlay Defense
   Defense                  Defense                                           Time % Phy DF OF 
 1 Dustin Byfuglien         Ryan Pulock                                       55     0   2  3  
 2 P.K. Subban              Kris Russell                                      45     0   2  3  

Penalty Kill 4 Players Forward 
   Center                   Wing                     Time % Phy DF OF 
 1 Blake Coleman            Derek Stepan             60     0   3  2  
 2 Nic Dowd                 Austin Watson            40     0   3  2  

Penalty Kill 4 Players Defense
   Defense                  Defense                  Time % Phy DF OF 
 1 Kris Russell             Ryan Pulock              55     0   4  1  
 2 P.K. Subban              Korbinian Holzer         45     0   4  1  

Penalty Kill - 3 Players Forward 
   Forward                                           Time % Phy DF OF 
 1 Blake Coleman                                     55     0   3  2  
 2 Austin Watson                                     45     0   3  2  

Penalty Kill - 3 Players Defense
   Defense                  Defense                  Time % Phy DF OF 
 1 Kris Russell             Ryan Pulock              55     0   4  1  
 2 Korbinian Holzer         P.K. Subban              45     0   4  1  

4 vs 4 Forward 
   Center                   Wing                     Time % Phy DF OF 
 1 Evgeni Malkin            Phil Kessel              55     0   2  3  
 2 Derek Stepan             Brock Boeser             45     0   2  3  

4 vs 4 Defense
   Defense                  Defense                  Time % Phy DF OF 
 1 Ryan Pulock              P.K. Subban              55     0   2  3  
 2 Dustin Byfuglien         Kris Russell             45     0   2  3  

Last Minutes Offensive
   Center                   Left Wing                Right Wing               Defense                  Defense                  
   Evgeni Malkin            Derek Stepan             Brock Boeser             Ryan Pulock              Korbinian Holzer         

Last Minutes Defensive
   Center                   Left Wing                Right Wing               Defense                  Defense                  
   Evgeni Malkin            Derek Stepan             Blake Coleman            Ryan Pulock              P.K. Subban              

Goaltenders
Starting : Connor Hellebuyck        
Backup : Carter Hutton            

Extra Forwards
Normal : Byron Froese, Nic Dowd, Drake Caggiula - PP : Blake Coleman, Austin Watson - PK : Daniel O'Regan
Extra Defensemen
Normal : Kris Russell, Dustin Byfuglien, Korbinian Holzer - PP : Kris Russell - PK : Ryan Pulock, P.K. Subban
Penalty Shots
Evgeni Malkin, Brock Boeser, Phil Kessel, Blake Coleman, Derek Stepan
Custom OT Lines Forwards
Evgeni Malkin, Blake Coleman, Brock Boeser, Derek Stepan, Phil Kessel, Ondrej Palat, Austin Watson, Nic Dowd, Drake Caggiula, Daniel O'Regan
Custom OT Lines Defensemen
Ryan Pulock, Korbinian Holzer, Dustin Byfuglien, Kris Russell, P.K. Subban

Scratches
Antoine Roussel (Strained Groin Injury), Mark Barberio (Broken Right Foot Toe Injury), Louis Domingue (Healthy)

Penguins

5 vs 5 Forward 
   Center                   Left Wing                Right Wing               Time % Phy DF OF 
 1 Auston Matthews          Tomas Tatar              Charlie Coyle            38     1   2  2  
 2 Mikael Granlund          Patric Hornqvist         Joel Armia               33     1   2  2  
 3 Brian Boyle              Michael Grabner          Jesperi Kotkaniemi       20     1   2  2  
 4 Sam Bennett              Reid Boucher             Markus Granlund          9      1   2  2  

5 vs 5 Defense 
   Defense                  Defense                                           Time % Phy DF OF 
 1 Brent Burns              Tyler Myers                                       40     1   2  2  
 2 Miro Heiskanen           Dmitry Orlov                                      35     1   2  2  
 3 Cale Makar               Tim Schaller                                      25     1   2  2  
 4 Jacob Larsson            Brent Burns                                       0      1   2  2  

PowerPlay Forward 
   Center                   Left Wing                Right Wing               Time % Phy DF OF 
 1 Auston Matthews          Tomas Tatar              Charlie Coyle            60     0   1  4  
 2 Mikael Granlund          Patric Hornqvist         Joel Armia               40     0   1  4  

PowerPlay Defense
   Defense                  Defense                                           Time % Phy DF OF 
 1 Brent Burns              Cale Makar                                        60     1   3  1  
 2 Miro Heiskanen           Dmitry Orlov                                      40     1   2  2  

Penalty Kill 4 Players Forward 
   Center                   Wing                     Time % Phy DF OF 
 1 Auston Matthews          Michael Grabner          60     1   2  2  
 2 Tim Schaller             Joel Armia               40     1   2  2  

Penalty Kill 4 Players Defense
   Defense                  Defense                  Time % Phy DF OF 
 1 Jacob Larsson            Tyler Myers              60     1   4  0  
 2 Miro Heiskanen           Dmitry Orlov             40     1   4  0  

Penalty Kill - 3 Players Forward 
   Forward                                           Time % Phy DF OF 
 1 Tim Schaller                                      60     1   2  2  
 2 Tomas Tatar                                       40     1   2  2  

Penalty Kill - 3 Players Defense
   Defense                  Defense                  Time % Phy DF OF 
 1 Jacob Larsson            Tyler Myers              60     1   2  2  
 2 Miro Heiskanen           Dmitry Orlov             40     1   2  2  

4 vs 4 Forward 
   Center                   Wing                     Time % Phy DF OF 
 1 Auston Matthews          Tomas Tatar              60     1   2  2  
 2 Charlie Coyle            Patric Hornqvist         40     1   2  2  

4 vs 4 Defense
   Defense                  Defense                  Time % Phy DF OF 
 1 Brent Burns              Tyler Myers              60     1   2  2  
 2 Miro Heiskanen           Dmitry Orlov             40     1   2  2  

Last Minutes Offensive
   Center                   Left Wing                Right Wing               Defense                  Defense                  
   Auston Matthews          Tomas Tatar              Patric Hornqvist         Brent Burns              Cale Makar               

Last Minutes Defensive
   Center                   Left Wing                Right Wing               Defense                  Defense                  
   Auston Matthews          Tim Schaller             Michael Grabner          Miro Heiskanen           Tyler Myers              

Goaltenders
Starting : Jack Campbell            
Backup : Tuukka Rask              

Extra Forwards
Normal : Michael Grabner, Reid Boucher, Sam Bennett - PP : Michael Grabner, Reid Boucher - PK : Sam Bennett
Extra Defensemen
Normal : Cale Makar, Tim Schaller, Brian Boyle - PP : Cale Makar - PK : Tim Schaller, Brian Boyle
Penalty Shots
Brent Burns, Auston Matthews, Tomas Tatar, Charlie Coyle, Patric Hornqvist
Custom OT Lines Forwards
Auston Matthews, Patric Hornqvist, Tomas Tatar, Charlie Coyle, Mikael Granlund, Joel Armia, Jesperi Kotkaniemi, Reid Boucher, Brian Boyle, Michael Grabner
Custom OT Lines Defensemen
Brent Burns, Tyler Myers, Miro Heiskanen, Dmitry Orlov, Cale Makar

Scratches
Mikkel Boedker (Healthy), Roman Polak (Healthy)

% Time on Ice - Golden Knights

Lines # - Real PCT - Wanted PCT - Time Play
Normal Forward
1 - 34% - 37% - 18:15
2 - 33% - 36% - 17:27
3 - 24% - 26% - 12:44
4 - 8% - 1% - 4:28
Normal Defense
1 - 35% - 36% - 18:24
2 - 32% - 34% - 16:50
3 - 30% - 30% - 15:49
4 - 3% - 0% - 1:51
PP Forward
1 - 53% - 55% - 3:10
2 - 47% - 45% - 2:47
PP Defense
1 - 62% - 55% - 3:41
2 - 38% - 45% - 2:16
PK Forward
1 - 0% - 60%
2 - 0% - 40%
PK Defense
1 - 0% - 55%
2 - 0% - 45%
PK3 Forward
1 - 0% - 55%
2 - 0% - 45%
PK3 Defense
1 - 0% - 55%
2 - 0% - 45%
44 Forward
1 - 0% - 55%
2 - 0% - 45%
44 Defense
1 - 0% - 55%
2 - 0% - 45%
Last Minute Offensive  - 0:00
Last Minute Defensive  - 1:09
Total
Forward - 60:00
Defense - 60:00

% Time on Ice - Penguins

Lines # - Real PCT - Wanted PCT - Time Play
Normal Forward
1 - 35% - 38% - 18:35
2 - 31% - 33% - 16:16
3 - 21% - 20% - 11:02
4 - 13% - 9% - 6:58
Normal Defense
1 - 39% - 40% - 20:52
2 - 34% - 35% - 18:12
3 - 23% - 25% - 12:18
4 - 3% - 0% - 1:29
PP Forward
1 - 0% - 60%
2 - 0% - 40%
PP Defense
1 - 0% - 60%
2 - 0% - 40%
PK Forward
1 - 68% - 60% - 4:01
2 - 32% - 40% - 1:56
PK Defense
1 - 53% - 60% - 3:08
2 - 47% - 40% - 2:49
PK3 Forward
1 - 0% - 60%
2 - 0% - 40%
PK3 Defense
1 - 0% - 60%
2 - 0% - 40%
44 Forward
1 - 0% - 60%
2 - 0% - 40%
44 Defense
1 - 0% - 60%
2 - 0% - 40%
Last Minute Offensive  - 1:12
Last Minute Defensive  - 0:00
Total
Forward - 60:00
Defense - 60:00

Play-by-Play

1st period


0:01 of 1st period - Auston Matthews wins face-off versus Evgeni Malkin in neutral zone.
0:26 of 1st period - Dustin Byfuglien is hit by Joel Armia and loses puck.
0:53 of 1st period - Kris Russell is hit by Dmitry Orlov and loses puck.
1:00 of 1st period - Michael Grabner is hit by Nic Dowd and loses puck.
1:15 of 1st period - Wrist shot by Evgeni Malkin.
1:15 of 1st period - Stopped by Jack Campbell with a rebound.
1:17 of 1st period - Slapshot by Evgeni Malkin.
1:17 of 1st period - Stopped by Jack Campbell with a rebound.
1:35 of 1st period - Dmitry Orlov is hit by Kris Russell and loses puck.
2:12 of 1st period - Slapshot by Sam Bennett.
2:12 of 1st period - Shot Blocked by Dustin Byfuglien.
2:26 of 1st period - Wrist shot by Ondrej Palat.
2:26 of 1st period - Shot Hit the Post.
2:36 of 1st period - Slapshot by Joel Armia.
2:36 of 1st period - Stopped by Connor Hellebuyck without a rebound.
2:37 of 1st period - Nic Dowd wins face-off versus Mikael Granlund in Golden Knights zone.
3:01 of 1st period - Snap shot by Auston Matthews.
3:01 of 1st period - Deflect By Tomas Tatar.
3:01 of 1st period - Shot Blocked by Kris Russell.
3:01 of 1st period - Puck is out of play.
3:02 of 1st period - Auston Matthews wins face-off versus Derek Stepan in Golden Knights zone.
3:03 of 1st period - Wrist shot by Tomas Tatar.
3:03 of 1st period - Shot Misses the Net.
3:05 of 1st period - Backhand shot by Tim Schaller.
3:05 of 1st period - Shot Misses the Net.
3:07 of 1st period - Slapshot by Cale Makar.
3:07 of 1st period - Deflect By Auston Matthews.
3:07 of 1st period - Shot Misses the Net.
3:07 of 1st period - Puck is out of play.
3:08 of 1st period - Auston Matthews wins face-off versus Evgeni Malkin in Golden Knights zone.
3:41 of 1st period - Wrist shot by Phil Kessel.
3:41 of 1st period - Deflect By Ondrej Palat.
3:41 of 1st period - Shot Misses the Net.
3:41 of 1st period - Puck is out of play.
3:42 of 1st period - Brian Boyle wins face-off versus Nic Dowd in Penguins zone.
3:47 of 1st period - Korbinian Holzer is hit by Jesperi Kotkaniemi and loses puck.
3:56 of 1st period - Snap shot by Brian Boyle.
3:56 of 1st period - Shot Misses the Net.
3:58 of 1st period - Slapshot by Tyler Myers.
3:58 of 1st period - Deflect By Michael Grabner.
3:58 of 1st period - Stopped by Connor Hellebuyck without a rebound.
3:59 of 1st period - Evgeni Malkin wins face-off versus Auston Matthews in Golden Knights zone.
4:08 of 1st period - Snap shot by Tomas Tatar.
4:08 of 1st period - Stopped by Connor Hellebuyck without a rebound.
4:09 of 1st period - Evgeni Malkin wins face-off versus Tomas Tatar in Golden Knights zone.
4:30 of 1st period - Snap shot by Evgeni Malkin.
4:30 of 1st period - Stopped by Jack Campbell with a rebound.
4:58 of 1st period - Snap shot by Auston Matthews.
4:58 of 1st period - Stopped by Connor Hellebuyck with a rebound.
5:00 of 1st period - Slapshot by Tyler Myers.
5:00 of 1st period - Shot Blocked by Gustav Lindstrom.
5:06 of 1st period - Slapshot by Tomas Tatar.
5:06 of 1st period - Stopped by Connor Hellebuyck with a rebound.
5:08 of 1st period - Snap shot by Brent Burns.
5:08 of 1st period - Stopped by Connor Hellebuyck without a rebound.
5:09 of 1st period - Mikael Granlund wins face-off versus Derek Stepan in Golden Knights zone.
5:34 of 1st period - Austin Watson is hit by Brian Boyle and loses puck.
5:43 of 1st period - Slapshot by Cale Makar.
5:43 of 1st period - Stopped by Connor Hellebuyck without a rebound.
5:44 of 1st period - Mikael Granlund wins face-off versus Derek Stepan in Golden Knights zone.
5:51 of 1st period - Snap shot by Phil Kessel.
5:51 of 1st period - Stopped by Jack Campbell with a rebound.
6:09 of 1st period - Miro Heiskanen is hit by Drake Caggiula.
7:43 of 1st period - Brock Boeser is hit by Tomas Tatar and loses puck.
7:48 of 1st period - Slapshot by Tomas Tatar.
7:48 of 1st period - Stopped by Connor Hellebuyck without a rebound.
7:49 of 1st period - Derek Stepan wins face-off versus Mikael Granlund in Golden Knights zone.
8:02 of 1st period - Snap shot by Joel Armia.
8:02 of 1st period - Shot Misses the Net.
8:21 of 1st period - Snap shot by Brock Boeser.
8:21 of 1st period - Goal by Brock Boeser - Golden Knights : 1 - Penguins : 0.
8:22 of 1st period - Derek Stepan wins face-off versus Mikael Granlund in neutral zone.
8:25 of 1st period - Wrist shot by Ondrej Palat.
8:25 of 1st period - Stopped by Jack Campbell without a rebound.
8:26 of 1st period - Mikael Granlund wins face-off versus Derek Stepan in Penguins zone.
8:33 of 1st period - Backhand shot by Joel Armia.
8:33 of 1st period - Stopped by Connor Hellebuyck with a rebound.
9:03 of 1st period - Snap shot by Brian Boyle.
9:03 of 1st period - Stopped by Connor Hellebuyck with a rebound.
9:34 of 1st period - Kris Russell is hit by Brent Burns and loses puck.
9:45 of 1st period - Backhand shot by Brock Boeser.
9:45 of 1st period - Shot Misses the Net.
9:47 of 1st period - Backhand shot by Dustin Byfuglien.
9:47 of 1st period - Shot Misses the Net.
9:49 of 1st period - Slapshot by Ryan Pulock.
9:49 of 1st period - Stopped by Jack Campbell without a rebound.
9:50 of 1st period - Derek Stepan wins face-off versus Mikael Granlund in Penguins zone.
9:53 of 1st period - Snap shot by Phil Kessel.
9:53 of 1st period - Stopped by Jack Campbell without a rebound.
9:54 of 1st period - Derek Stepan wins face-off versus Mikael Granlund in Penguins zone.
10:01 of 1st period - Wrist shot by Phil Kessel.
10:01 of 1st period - Shot Hit the Post.
10:03 of 1st period - Snap shot by Ryan Pulock.
10:03 of 1st period - Stopped by Jack Campbell without a rebound.
10:04 of 1st period - Auston Matthews wins face-off versus Nic Dowd in Penguins zone.
10:04 of 1st period - Auston Matthews is hit by Dustin Byfuglien.
10:07 of 1st period - Minor Penalty to Tomas Tatar for Interference.
10:08 of 1st period - Evgeni Malkin wins face-off versus Auston Matthews in Penguins zone.
10:14 of 1st period - Snap shot by Phil Kessel.
10:14 of 1st period - Stopped by Jack Campbell with a rebound.
10:22 of 1st period - Snap shot by Phil Kessel.
10:22 of 1st period - Stopped by Jack Campbell with a rebound.
10:24 of 1st period - Slapshot by Dustin Byfuglien.
10:24 of 1st period - Shot Misses the Net.
10:34 of 1st period - Michael Grabner is hit by Derek Stepan and loses puck.
11:52 of 1st period - Ondrej Palat is hit by Miro Heiskanen.
11:56 of 1st period - Sam Bennett is hit by Ondrej Palat and loses puck.
12:07 of 1st period - Penalty to Tomas Tatar is over, Tomas Tatar is back on ice.
12:27 of 1st period - P.K. Subban is hit by Joel Armia.
13:00 of 1st period - Gustav Lindstrom is hit by Tyler Myers and loses puck.
13:11 of 1st period - Snap shot by Austin Watson.
13:11 of 1st period - Stopped by Jack Campbell without a rebound.
13:12 of 1st period - Mikael Granlund wins face-off versus Derek Stepan in Penguins zone.
13:23 of 1st period - Derek Stepan is hit by Miro Heiskanen and loses puck.
13:36 of 1st period - Snap shot by Tomas Tatar.
13:36 of 1st period - Shot Blocked by Blake Coleman.
13:38 of 1st period - Snap shot by Auston Matthews.
13:38 of 1st period - Goal by Auston Matthews - Golden Knights : 1 - Penguins : 1.
13:39 of 1st period - Auston Matthews wins face-off versus Derek Stepan in neutral zone.
14:11 of 1st period - Wrist shot by Mikael Granlund.
14:11 of 1st period - Stopped by Connor Hellebuyck with a rebound.
14:13 of 1st period - Slapshot by Mikael Granlund.
14:13 of 1st period - Shot Misses the Net.
14:53 of 1st period - Snap shot by Phil Kessel.
14:53 of 1st period - Deflect By Dmitry Orlov.
14:53 of 1st period - Shot Blocked by Miro Heiskanen.
14:53 of 1st period - Puck is out of play.
14:54 of 1st period - Auston Matthews wins face-off versus Derek Stepan in Penguins zone.
14:54 of 1st period - Auston Matthews is hit by Ondrej Palat.
15:48 of 1st period - Wrist shot by Drake Caggiula.
15:48 of 1st period - Stopped by Jack Campbell with a rebound.
15:50 of 1st period - Slapshot by Drake Caggiula.
15:50 of 1st period - Shot Blocked by Patric Hornqvist.
15:52 of 1st period - Slapshot by Korbinian Holzer.
15:52 of 1st period - Shot Blocked by Tim Schaller.
15:54 of 1st period - Slapshot by Korbinian Holzer.
15:54 of 1st period - Shot Blocked by Joel Armia.
16:08 of 1st period - Slapshot by Mikael Granlund.
16:08 of 1st period - Stopped by Connor Hellebuyck without a rebound.
16:09 of 1st period - Auston Matthews wins face-off versus Derek Stepan in Golden Knights zone.
16:21 of 1st period - Off-side.
16:22 of 1st period - Brock Boeser wins face-off versus Auston Matthews in neutral zone.
16:32 of 1st period - Minor Penalty to Charlie Coyle for Cross-checking.
16:33 of 1st period - Auston Matthews wins face-off versus Evgeni Malkin in Penguins zone.
18:09 of 1st period - Joel Armia is hit by Blake Coleman and loses puck.
18:32 of 1st period - Penalty to Charlie Coyle is over, Charlie Coyle is back on ice.
18:44 of 1st period - Reid Boucher is hit by P.K. Subban and loses puck.
18:55 of 1st period - Snap shot by Nic Dowd.
18:55 of 1st period - Deflect By Austin Watson.
18:55 of 1st period - Stopped by Jack Campbell with a rebound.
19:11 of 1st period - Brent Burns is hit by Daniel O'Regan and loses puck.
19:26 of 1st period - Korbinian Holzer is hit by Cale Makar and loses puck.
19:41 of 1st period - Korbinian Holzer is hit by Jacob Larsson and loses puck.
Goals for this period are 1 for Golden Knights vs 1 for Penguins.
Shots for this period are 14 for Golden Knights vs 13 for Penguins.

2nd period


0:01 of 2nd period - Auston Matthews wins face-off versus Brock Boeser in neutral zone.
0:29 of 2nd period - Ryan Pulock is hit by Joel Armia and loses puck.
0:34 of 2nd period - Slapshot by Patric Hornqvist.
0:34 of 2nd period - Deflect By Mikael Granlund.
0:34 of 2nd period - Shot Misses the Net.
0:34 of 2nd period - Puck is out of play.
0:35 of 2nd period - Derek Stepan wins face-off versus Joel Armia in Golden Knights zone.
0:43 of 2nd period - Slapshot by Tyler Myers.
0:43 of 2nd period - Stopped by Connor Hellebuyck without a rebound.
0:44 of 2nd period - Auston Matthews wins face-off versus Derek Stepan in Golden Knights zone.
1:29 of 2nd period - Wrist shot by Tomas Tatar.
1:29 of 2nd period - Shot Blocked by Gustav Lindstrom.
1:47 of 2nd period - Snap shot by Ondrej Palat.
1:47 of 2nd period - Stopped by Jack Campbell with a rebound.
1:54 of 2nd period - Icing by Tyler Myers.
1:55 of 2nd period - Evgeni Malkin wins face-off versus Auston Matthews in Penguins zone.
2:00 of 2nd period - Wrist shot by Brock Boeser.
2:00 of 2nd period - Stopped by Jack Campbell with a rebound.
2:10 of 2nd period - Evgeni Malkin is hit by Auston Matthews and loses puck.
2:46 of 2nd period - Snap shot by Auston Matthews.
2:46 of 2nd period - Deflect By Dustin Byfuglien.
2:46 of 2nd period - Shot Blocked by Ryan Pulock.
2:46 of 2nd period - Puck is out of play.
2:47 of 2nd period - Nic Dowd wins face-off versus Mikael Granlund in Golden Knights zone.
2:47 of 2nd period - Nic Dowd is hit by Joel Armia.
2:56 of 2nd period - Icing by Nic Dowd.
2:57 of 2nd period - Mikael Granlund wins face-off versus Drake Caggiula in Golden Knights zone.
3:34 of 2nd period - Wrist shot by Patric Hornqvist.
3:34 of 2nd period - Shot Misses the Net.
3:36 of 2nd period - Snap shot by Joel Armia.
3:36 of 2nd period - Shot Misses the Net.
3:54 of 2nd period - Snap shot by Joel Armia.
3:54 of 2nd period - Stopped by Connor Hellebuyck with a rebound.
3:56 of 2nd period - Backhand shot by Joel Armia.
3:56 of 2nd period - Stopped by Connor Hellebuyck with a rebound.
3:58 of 2nd period - Slapshot by Miro Heiskanen.
3:58 of 2nd period - Stopped by Connor Hellebuyck with a rebound.
4:00 of 2nd period - Snap shot by Joel Armia.
4:00 of 2nd period - Shot Misses the Net.
4:12 of 2nd period - Snap shot by Mikael Granlund.
4:12 of 2nd period - Stopped by Connor Hellebuyck without a rebound.
4:13 of 2nd period - Evgeni Malkin wins face-off versus Brian Boyle in Golden Knights zone.
4:23 of 2nd period - Slapshot by Cale Makar.
4:23 of 2nd period - Deflect By Michael Grabner.
4:23 of 2nd period - Shot Blocked by Dustin Byfuglien.
4:23 of 2nd period - Puck is out of play.
4:24 of 2nd period - Evgeni Malkin wins face-off versus Brian Boyle in Golden Knights zone.
4:43 of 2nd period - Michael Grabner is hit by Evgeni Malkin and loses puck.
4:58 of 2nd period - Slapshot by Reid Boucher.
4:58 of 2nd period - Stopped by Connor Hellebuyck with a rebound.
5:04 of 2nd period - Wrist shot by Sam Bennett.
5:04 of 2nd period - Shot Blocked by Phil Kessel.
5:28 of 2nd period - Snap shot by Tomas Tatar.
5:28 of 2nd period - Stopped by Connor Hellebuyck without a rebound.
5:29 of 2nd period - Auston Matthews wins face-off versus Byron Froese in Golden Knights zone.
5:38 of 2nd period - Dmitry Orlov is hit by Drake Caggiula and loses puck.
5:54 of 2nd period - Icing by Kris Russell.
5:55 of 2nd period - Evgeni Malkin wins face-off versus Mikael Granlund in Golden Knights zone.
5:55 of 2nd period - Evgeni Malkin is hit by Tim Schaller.
6:03 of 2nd period - Snap shot by Evgeni Malkin.
6:03 of 2nd period - Stopped by Jack Campbell without a rebound.
6:04 of 2nd period - Mikael Granlund wins face-off versus Evgeni Malkin in Penguins zone.
6:04 of 2nd period - Mikael Granlund is hit by Brock Boeser.
6:55 of 2nd period - Snap shot by Mikael Granlund.
6:55 of 2nd period - Stopped by Connor Hellebuyck with a rebound.
7:13 of 2nd period - Wrist shot by Mikael Granlund.
7:13 of 2nd period - Goal by Mikael Granlund - Golden Knights : 1 - Penguins : 2.
7:14 of 2nd period - Charlie Coyle wins face-off versus Derek Stepan in neutral zone.
7:17 of 2nd period - Snap shot by Tomas Tatar.
7:17 of 2nd period - Shot Misses the Net.
7:43 of 2nd period - Icing by Michael Grabner.
7:44 of 2nd period - Nic Dowd wins face-off versus Brian Boyle in Penguins zone.
7:56 of 2nd period - Brian Boyle is hit by Nic Dowd and loses puck.
8:15 of 2nd period - Snap shot by Auston Matthews.
8:15 of 2nd period - Shot Misses the Net.
8:17 of 2nd period - Wrist shot by Charlie Coyle.
8:17 of 2nd period - Stopped by Connor Hellebuyck without a rebound.
8:18 of 2nd period - Auston Matthews wins face-off versus Evgeni Malkin in Golden Knights zone.
8:23 of 2nd period - Snap shot by Auston Matthews.
8:23 of 2nd period - Stopped by Connor Hellebuyck with a rebound.
8:25 of 2nd period - Snap shot by Miro Heiskanen.
8:25 of 2nd period - Shot Blocked by Blake Coleman.
8:27 of 2nd period - Wrist shot by Tomas Tatar.
8:27 of 2nd period - Shot Blocked by P.K. Subban.
8:49 of 2nd period - Wrist shot by Brian Boyle.
8:49 of 2nd period - Stopped by Connor Hellebuyck without a rebound.
8:50 of 2nd period - Brian Boyle wins face-off versus Derek Stepan in Golden Knights zone.
8:51 of 2nd period - Snap shot by Cale Makar.
8:51 of 2nd period - Shot Misses the Net.
8:53 of 2nd period - Snap shot by Brian Boyle.
8:53 of 2nd period - Shot Blocked by Kris Russell.
8:55 of 2nd period - Snap shot by Cale Makar.
8:55 of 2nd period - Shot Misses the Net.
8:57 of 2nd period - Backhand shot by Jesperi Kotkaniemi.
8:57 of 2nd period - Shot Blocked by Ondrej Palat.
8:59 of 2nd period - Snap shot by Tim Schaller.
8:59 of 2nd period - Shot Misses the Net.
9:01 of 2nd period - Slapshot by Tim Schaller.
9:01 of 2nd period - Stopped by Connor Hellebuyck with a rebound.
9:11 of 2nd period - Brian Boyle is hit by Phil Kessel and loses puck.
9:48 of 2nd period - Slapshot by Tim Schaller.
9:48 of 2nd period - Stopped by Connor Hellebuyck with a rebound.
9:50 of 2nd period - Slapshot by Tim Schaller.
9:50 of 2nd period - Stopped by Connor Hellebuyck without a rebound.
9:51 of 2nd period - Evgeni Malkin wins face-off versus Auston Matthews in Golden Knights zone.
9:58 of 2nd period - Snap shot by Brock Boeser.
9:58 of 2nd period - Stopped by Jack Campbell with a rebound.
10:18 of 2nd period - Austin Watson is hit by Patric Hornqvist and loses puck.
10:27 of 2nd period - Snap shot by Joel Armia.
10:27 of 2nd period - Stopped by Connor Hellebuyck with a rebound.
10:29 of 2nd period - Slapshot by Brent Burns.
10:29 of 2nd period - Shot Blocked by Ryan Pulock.
10:31 of 2nd period - Wrist shot by Joel Armia.
10:31 of 2nd period - Shot Blocked by Drake Caggiula.
11:05 of 2nd period - Wrist shot by Ryan Pulock.
11:05 of 2nd period - Shot Blocked by Charlie Coyle.
12:26 of 2nd period - Wrist shot by Tomas Tatar.
12:26 of 2nd period - Stopped by Connor Hellebuyck without a rebound.
12:27 of 2nd period - Auston Matthews wins face-off versus Nic Dowd in Golden Knights zone.
12:34 of 2nd period - Snap shot by Auston Matthews.
12:34 of 2nd period - Shot Misses the Net.
12:36 of 2nd period - Slapshot by Tim Schaller.
12:36 of 2nd period - Shot Misses the Net.
12:38 of 2nd period - Snap shot by Auston Matthews.
12:38 of 2nd period - Stopped by Connor Hellebuyck without a rebound.
12:39 of 2nd period - Mikael Granlund wins face-off versus Ondrej Palat in Golden Knights zone.
13:11 of 2nd period - Wrist shot by Auston Matthews.
13:11 of 2nd period - Stopped by Connor Hellebuyck with a rebound.
13:13 of 2nd period - Snap shot by Charlie Coyle.
13:13 of 2nd period - Shot Blocked by Brock Boeser.
13:35 of 2nd period - Brent Burns is hit by Dustin Byfuglien and loses puck.
13:52 of 2nd period - Slapshot by Ondrej Palat.
13:52 of 2nd period - Stopped by Jack Campbell with a rebound.
15:12 of 2nd period - Dmitry Orlov is hit by Dustin Byfuglien and loses puck.
15:52 of 2nd period - Blake Coleman is hit by Auston Matthews and loses puck.
17:08 of 2nd period - Off-side.
17:09 of 2nd period - Reid Boucher wins face-off versus Phil Kessel in neutral zone.
17:59 of 2nd period - Off-side.
18:00 of 2nd period - Nic Dowd wins face-off versus Mikael Granlund in neutral zone.
18:35 of 2nd period - Wrist shot by Derek Stepan.
18:35 of 2nd period - Goal by Derek Stepan - Golden Knights : 2 - Penguins : 2.
18:36 of 2nd period - Charlie Coyle wins face-off versus Blake Coleman in neutral zone.
Goals for this period are 1 for Golden Knights vs 1 for Penguins.
Shots for this period are 6 for Golden Knights vs 19 for Penguins.

3rd period


0:01 of 3rd period - Derek Stepan wins face-off versus Auston Matthews in neutral zone.
0:04 of 3rd period - Slapshot by P.K. Subban.
0:04 of 3rd period - Stopped by Jack Campbell without a rebound.
0:05 of 3rd period - Derek Stepan wins face-off versus Auston Matthews in Penguins zone.
0:20 of 3rd period - Snap shot by Auston Matthews.
0:20 of 3rd period - Shot Misses the Net.
0:56 of 3rd period - Wrist shot by Austin Watson.
0:56 of 3rd period - Shot Blocked by Michael Grabner.
0:58 of 3rd period - Slapshot by Drake Caggiula.
0:58 of 3rd period - Goal by Drake Caggiula - Golden Knights : 3 - Penguins : 2.
0:59 of 3rd period - Mikael Granlund wins face-off versus Evgeni Malkin in neutral zone.
1:09 of 3rd period - Icing by Ryan Pulock.
1:10 of 3rd period - Auston Matthews wins face-off versus Evgeni Malkin in Golden Knights zone.
1:43 of 3rd period - Snap shot by Tomas Tatar.
1:43 of 3rd period - Stopped by Connor Hellebuyck without a rebound.
1:44 of 3rd period - Mikael Granlund wins face-off versus Ondrej Palat in Golden Knights zone.
2:05 of 3rd period - Minor Penalty to Brent Burns for Roughing.
2:06 of 3rd period - Evgeni Malkin wins face-off versus Auston Matthews in Penguins zone.
3:49 of 3rd period - Jacob Larsson is hit by Blake Coleman and loses puck.
4:05 of 3rd period - Penalty to Brent Burns is over, Brent Burns is back on ice.
4:15 of 3rd period - Tyler Myers is hit by P.K. Subban and loses puck.
4:20 of 3rd period - Wrist shot by Drake Caggiula.
4:20 of 3rd period - Shot Misses the Net.
4:36 of 3rd period - Wrist shot by Patric Hornqvist.
4:36 of 3rd period - Deflect By Mikael Granlund.
4:36 of 3rd period - Shot Misses the Net.
4:36 of 3rd period - Puck is out of play.
4:37 of 3rd period - Mikael Granlund wins face-off versus Nic Dowd in Golden Knights zone.
5:00 of 3rd period - Tomas Tatar is hit by Brock Boeser and loses puck.
5:11 of 3rd period - Wrist shot by Phil Kessel.
5:11 of 3rd period - Stopped by Jack Campbell with a rebound.
5:27 of 3rd period - Nic Dowd is hit by Reid Boucher and loses puck.
5:38 of 3rd period - Gustav Lindstrom is hit by Reid Boucher and loses puck.
5:50 of 3rd period - Off-side.
5:51 of 3rd period - Mikael Granlund wins face-off versus Evgeni Malkin in neutral zone.
5:57 of 3rd period - Off-side.
5:58 of 3rd period - Derek Stepan wins face-off versus Auston Matthews in neutral zone.
6:42 of 3rd period - Snap shot by Ondrej Palat.
6:42 of 3rd period - Stopped by Jack Campbell with a rebound.
6:44 of 3rd period - Slapshot by Phil Kessel.
6:44 of 3rd period - Deflect By Cale Makar.
6:44 of 3rd period - Shot Blocked by Brian Boyle.
6:44 of 3rd period - Puck is out of play.
6:45 of 3rd period - Evgeni Malkin wins face-off versus Auston Matthews in Penguins zone.
6:46 of 3rd period - Snap shot by Brock Boeser.
6:46 of 3rd period - Shot Blocked by Brent Burns.
7:37 of 3rd period - Wrist shot by Daniel O'Regan.
7:37 of 3rd period - Stopped by Jack Campbell without a rebound.
7:38 of 3rd period - Tomas Tatar wins face-off versus Byron Froese in Penguins zone.
7:54 of 3rd period - Auston Matthews is hit by Dustin Byfuglien and loses puck.
8:15 of 3rd period - Slapshot by Dustin Byfuglien.
8:15 of 3rd period - Shot Misses the Net.
8:21 of 3rd period - Tyler Myers is hit by P.K. Subban and loses puck.
8:34 of 3rd period - Mikael Granlund is hit by Gustav Lindstrom and loses puck.
8:38 of 3rd period - Icing by Brent Burns.
8:39 of 3rd period - Evgeni Malkin wins face-off versus Mikael Granlund in Penguins zone.
8:54 of 3rd period - Off-side.
8:55 of 3rd period - Auston Matthews wins face-off versus Derek Stepan in neutral zone.
9:26 of 3rd period - Snap shot by Sam Bennett.
9:26 of 3rd period - Stopped by Connor Hellebuyck without a rebound.
9:27 of 3rd period - Sam Bennett wins face-off versus Blake Coleman in Golden Knights zone.
9:30 of 3rd period - Snap shot by Sam Bennett.
9:30 of 3rd period - Stopped by Connor Hellebuyck without a rebound.
9:31 of 3rd period - Evgeni Malkin wins face-off versus Auston Matthews in Golden Knights zone.
10:06 of 3rd period - Wrist shot by Ondrej Palat.
10:06 of 3rd period - Shot Misses the Net.
10:30 of 3rd period - Mikael Granlund is hit by Drake Caggiula and loses puck.
10:47 of 3rd period - Dustin Byfuglien is hit by Mikael Granlund and loses puck.
10:56 of 3rd period - Slapshot by Patric Hornqvist.
10:56 of 3rd period - Shot Misses the Net.
10:58 of 3rd period - Snap shot by Joel Armia.
10:58 of 3rd period - Deflect By Patric Hornqvist.
10:58 of 3rd period - Shot Hit the Post.
10:58 of 3rd period - Puck is out of play.
10:59 of 3rd period - Charlie Coyle wins face-off versus Derek Stepan in Golden Knights zone.
11:26 of 3rd period - Brent Burns is hit by Korbinian Holzer and loses puck.
11:33 of 3rd period - Snap shot by Drake Caggiula.
11:33 of 3rd period - Shot Misses the Net.
11:35 of 3rd period - Slapshot by Drake Caggiula.
11:35 of 3rd period - Shot Misses the Net.
11:37 of 3rd period - Slapshot by Gustav Lindstrom.
11:37 of 3rd period - Stopped by Jack Campbell with a rebound.
11:39 of 3rd period - Slapshot by P.K. Subban.
11:39 of 3rd period - Shot Misses the Net.
11:49 of 3rd period - Markus Granlund is hit by Brock Boeser and loses puck.
12:02 of 3rd period - Blake Coleman is hit by Sam Bennett and loses puck.
12:19 of 3rd period - Slapshot by Auston Matthews.
12:19 of 3rd period - Stopped by Connor Hellebuyck without a rebound.
12:20 of 3rd period - Derek Stepan wins face-off versus Brian Boyle in Golden Knights zone.
13:01 of 3rd period - Snap shot by Phil Kessel.
13:01 of 3rd period - Shot Misses the Net.
13:03 of 3rd period - Slapshot by Ondrej Palat.
13:03 of 3rd period - Shot Misses the Net.
13:05 of 3rd period - Snap shot by Phil Kessel.
13:05 of 3rd period - Stopped by Jack Campbell without a rebound.
13:06 of 3rd period - Auston Matthews wins face-off versus Evgeni Malkin in Penguins zone.
13:17 of 3rd period - Snap shot by Auston Matthews.
13:17 of 3rd period - Shot Misses the Net.
13:55 of 3rd period - Slapshot by Ryan Pulock.
13:55 of 3rd period - Shot Blocked by Brent Burns.
13:57 of 3rd period - Slapshot by Ryan Pulock.
13:57 of 3rd period - Stopped by Jack Campbell with a rebound.
14:21 of 3rd period - Ondrej Palat is hit by Brent Burns and loses puck.
14:26 of 3rd period - Snap shot by Auston Matthews.
14:26 of 3rd period - Stopped by Connor Hellebuyck without a rebound.
14:27 of 3rd period - Mikael Granlund wins face-off versus Evgeni Malkin in Golden Knights zone.
14:52 of 3rd period - Auston Matthews is hit by Drake Caggiula and loses puck.
15:19 of 3rd period - Slapshot by Miro Heiskanen.
15:19 of 3rd period - Stopped by Connor Hellebuyck with a rebound.
15:43 of 3rd period - Slapshot by Brock Boeser.
15:43 of 3rd period - Stopped by Jack Campbell without a rebound.
15:44 of 3rd period - Auston Matthews wins face-off versus Nic Dowd in Penguins zone.
15:55 of 3rd period - Slapshot by Drake Caggiula.
15:55 of 3rd period - Shot Misses the Net.
15:57 of 3rd period - Snap shot by Austin Watson.
15:57 of 3rd period - Shot Misses the Net.
15:59 of 3rd period - Slapshot by Dustin Byfuglien.
15:59 of 3rd period - Deflect By Austin Watson.
15:59 of 3rd period - Stopped by Jack Campbell without a rebound.
16:00 of 3rd period - Evgeni Malkin wins face-off versus Brian Boyle in Penguins zone.
16:11 of 3rd period - Snap shot by Evgeni Malkin.
16:11 of 3rd period - Stopped by Jack Campbell with a rebound.
16:27 of 3rd period - Drake Caggiula is hit by Tyler Myers and loses puck.
16:50 of 3rd period - Kris Russell is hit by Tim Schaller.
16:59 of 3rd period - Cale Makar is hit by Gustav Lindstrom and loses puck.
17:56 of 3rd period - Slapshot by Austin Watson.
17:56 of 3rd period - Deflect By Drake Caggiula.
17:56 of 3rd period - Stopped by Jack Campbell with a rebound.
17:58 of 3rd period - Wrist shot by Nic Dowd.
17:58 of 3rd period - Stopped by Jack Campbell without a rebound.
17:59 of 3rd period - Brian Boyle wins face-off versus Nic Dowd in Penguins zone.
18:08 of 3rd period - Slapshot by Jesperi Kotkaniemi.
18:08 of 3rd period - Stopped by Connor Hellebuyck without a rebound.
18:09 of 3rd period - Nic Dowd wins face-off versus Brian Boyle in Golden Knights zone.
18:24 of 3rd period - Snap shot by Brian Boyle.
18:24 of 3rd period - Shot Misses the Net.
18:26 of 3rd period - Wrist shot by Michael Grabner.
18:26 of 3rd period - Stopped by Connor Hellebuyck without a rebound.
18:27 of 3rd period - Auston Matthews wins face-off versus Evgeni Malkin in Golden Knights zone.
19:06 of 3rd period - Penguins, Jack Campbell is pulled from the net.
19:06 of 3rd period - Slapshot by Tyler Myers.
19:06 of 3rd period - Deflect By Auston Matthews.
19:06 of 3rd period - Shot Misses the Net.
19:06 of 3rd period - Puck is out of play.
19:07 of 3rd period - Todd McLellan call a timeout for Penguins.
19:07 of 3rd period - Auston Matthews wins face-off versus Derek Stepan in Golden Knights zone.
19:16 of 3rd period - Slapshot by Tomas Tatar.
19:16 of 3rd period - Stopped by Connor Hellebuyck with a rebound.
19:50 of 3rd period - Evgeni Malkin is hit by Cale Makar and loses puck.
Goals for this period are 1 for Golden Knights vs 0 for Penguins.
Shots for this period are 13 for Golden Knights vs 9 for Penguins. Output by the SimonT Hockey Simulator (STHS) for Eric Tremblay - Original Page W3C HTML5 Valid
Hockey Simulator - Hockey Simulation - Hockey Manager